Map: Amygdala

Players

Neytle

  • Race: Terran Terran
  • League: Diamond
  • Spawn Location: 7:00

Wolfie - Winner!

  • Race: Zerg Zerg
  • League: Platinum
  • Spawn Location: 1:00

VOD

Have the link to the VOD?

Description

Time

  • Played on: April 18, 2025, 10:21 a.m.
  • Length: 16:41
Show
View Real Time Build Order
Export as new Build Order

Neytle Terran 

Build Orders:  

Get SALT Encoding   

  12  0:01  SCV  
  13  0:13  SCV  
  14  0:18  Supply Depot  
  14  0:25  SCV  
  15  0:39  SCV  
  15  0:41  Barracks  
  16  0:51  SCV  
  17  1:03  SCV  
  18  1:16  SCV  
  19  1:20  Command Center  
  19  1:30  Marine  
  20  1:37  SCV  
  21  1:43  Barracks  
  21  1:48  Marine, Supply Depot  
  22  2:01  SCV  
  23  2:09  Marine  
  23  2:13  SCV  
  25  2:27  Marine, SCV  
  27  2:30  Marine  
  27  2:31  Barracks  
  27  2:35  Orbital Command  
  28  2:42  Orbital Command  
  28  2:45  Marine  
  28  2:48  Marine  
  30  3:03  Marine  
  31  3:06  Marine  
  31  3:08  Barracks  
  31  3:12  Barracks  
  32  3:20  Marine  
  32  3:21  Marine  
  32  3:23  SCV  
  32  3:24  Marine, SCV  
  37  3:29  Supply Depot  
  37  3:36  SCV x2  
  37  3:38  Marine  
  37  3:39  Marine  
  41  3:41  Marine  
  41  3:48  SCV x2  
  39  3:58  Marine  
  39  3:59  Bunker x2, Marine x2  
  39  4:00  Marine  
  39  4:01  Bunker  
  39  4:02  SCV  
  44  4:06  SCV  
  45  4:14  SCV  
  46  4:17  Marine  
  46  4:18  Marine x4  
  46  4:20  SCV  
  52  4:26  SCV  
  52  4:27  Supply Depot  
  52  4:29  Supply Depot  
  53  4:32  SCV  
  54  4:40  Refinery  
  54  4:41  Refinery  
  54  4:48  Marine x4  
  54  4:49  SCV x2  
  54  4:51  Marine  
  61  5:01  SCV x2  
  61  5:06  Marine x4  
  67  5:24  Marine  
  67  5:25  Marine x2  
  70  5:33  Marine  
  70  5:46  Marine x4, SCV x2  
  70  5:49  Barracks x2  
  76  5:51  Barracks  
  76  5:55  Marine  
  77  5:58  SCV x2  
  77  6:04  Marine x4  
  81  6:13  Marine  
  81  6:16  SCV  
  83  6:21  Marine x3, Supply Depot  
  83  6:23  Supply Depot  
  86  6:27  Factory  
  86  6:29  Engineering Bay  
  86  6:30  SCV x2  
  86  6:42  Marine x7, SCV  
  86  6:45  Marine  
  95  6:49  Supply Depot  
  95  7:00  Marine x3  
  98  7:11  Factory Tech Lab  
  97  7:29  Marine x2  
  98  7:30  Marine x5  
  98  7:33  Siege Tank  
  98  7:35  Terran Infantry Weapons Level 1  
  108  7:37  Barracks Tech Lab  
  108  7:43  SCV  
  109  7:44  SCV  
  109  7:47  Marine x2  
  109  7:48  Marine  
  109  7:49  Barracks Tech Lab  
  109  7:50  Barracks Tech Lab  
  112  7:52  Barracks Tech Lab  
  112  7:56  Stimpack  
  112  8:04  Barracks Tech Lab  
  112  8:19  Marine, Refinery  
  113  8:20  Refinery  
  113  8:22  Marine, Marauder x2  
  113  8:24  Concussive Shells, Combat Shield  
  118  8:27  Command Center  
  118  8:29  Command Center  
  118  8:34  Supply Depot  
  118  8:36  Supply Depot  
  118  8:37  Supply Depot  
  118  8:52  Supply Depot  
  118  8:54  Supply Depot  
  118  8:55  Marine x2, Supply Depot  
  126  8:56  Marauder x3  
  126  8:57  Marine x3  
  126  9:01  Siege Tank  
  132  9:13  Marine x2  
  132  9:15  Marine x2  
  136  9:29  Terran Infantry Armor Level 1  
  136  9:40  Planetary Fortress  
  136  9:41  Planetary Fortress  
  136  9:45  Barracks  
  136  10:07  Marine, Marauder x2  
  136  10:08  Marine x3, Marauder x2  
  148  10:19  Siege Tank  
  151  10:25  Marine x2  
  151  10:26  Marine, Marauder  
  151  10:28  Marine  
  156  10:31  Command Center  
  157  10:42  Command Center  
  135  11:07  Marauder x5  
  87  11:15  Siege Tank  
  84  11:19  Marine  
  85  11:28  Marauder  
  85  11:29  Marauder x3  
  85  11:31  Starport  
  93  11:34  Refinery  
  93  11:36  Refinery, SCV x2  
  95  11:40  Marine  
  95  11:41  Marine, Marauder  
  99  11:48  SCV x2  
  101  12:13  Siege Tank  
  104  12:21  SCV x2  
  106  12:24  Planetary Fortress x2  
  106  12:33  SCV  
  106  12:34  SCV  
  108  12:37  Supply Depot  
  108  12:45  Siege Tank  
  108  12:50  Marauder x2  
  108  12:51  Marine x3, Supply Depot, Marauder x3  
  124  13:09  Marine  
  124  13:11  Supply Depot  
  125  13:15  Missile Turret  
  125  13:21  Neosteel Armor  
  125  13:30  SCV x2  
  125  13:31  SCV x4  
  131  13:57  Starport  
  131  13:58  Starport x2  
  131  14:00  Starport Tech Lab  
  131  14:03  Starport, Fusion Core  
  131  14:36  Missile Turret  
  131  14:37  Missile Turret  
  131  14:39  Missile Turret  
  131  14:45  Missile Turret  
  131  14:50  Starport Tech Lab x3  
  131  14:52  Starport Tech Lab  
  131  14:55  Weapon Refit  
  131  14:58  Marine x3, Marauder x2  
  138  15:01  Battlecruiser  
  144  15:10  Armory  
  144  15:16  Marine x3  
  144  15:18  Battlecruiser  
  144  15:19  Marine, Battlecruiser  
  144  15:20  Battlecruiser  
  166  15:30  Battlecruiser  
  172  15:58  Armory  
Show
View Real Time Build Order
Export as new Build Order

Wolfie Zerg - Winner!

Build Orders: Hatch First, Brood Lord Corruptor, Lurkers, Ravager All-In 

Get SALT Encoding   

  12  0:02  Drone  
  13  0:08  Drone  
  14  0:17  Drone, Extractor  
  15  0:26  Overlord  
  15  0:55  Drone x2, Hatchery  
  16  1:02  Drone, Extractor  
  16  1:18  Spawning Pool  
  15  1:20  Drone  
  15  1:21  Drone  
  18  1:29  Drone  
  19  1:39  Drone  
  20  1:45  Extractor  
  19  1:50  Drone  
  20  2:09  Zergling x2  
  20  2:10  Drone  
  20  2:13  Queen x2  
  20  2:14  Drone  
  27  2:18  Drone  
  28  2:26  Overlord  
  28  2:27  Roach Warren  
  27  2:35  Drone  
  28  2:48  Drone x3  
  31  2:55  Overlord  
  31  2:57  Extractor  
  30  3:16  Roach x5  
  40  3:26  Overlord  
  39  3:28  Roach x2  
  39  3:32  Overlord  
  43  3:42  Overlord  
  43  3:51  Drone x4  
  47  3:59  Roach  
  49  4:03  Drone x5  
  49  4:04  Drone  
  55  4:22  Overlord  
  55  4:24  Ravager  
  55  4:27  Ravager  
  55  4:29  Ravager  
  55  4:30  Drone x7  
  55  4:31  Drone  
  66  4:34  Extractor x2  
  64  4:43  Ravager  
  64  4:44  Drone  
  66  4:50  Ravager  
  66  4:51  Drone x3  
  66  4:52  Hatchery  
  69  5:12  Drone x3  
  69  5:13  Drone x2  
  74  5:15  Ravager x2  
  73  5:40  Drone x3  
  76  5:43  Lair  
  70  6:04  Ravager  
  70  6:05  Extractor  
  70  6:13  Drone  
  70  6:14  Drone x4  
  75  6:29  Drone  
  75  6:30  Drone x2  
  78  6:49  Extractor  
  77  6:58  Drone x4  
  77  6:59  Spire  
  80  7:15  Hatchery  
  79  7:16  Drone x3  
  82  7:42  Baneling Nest  
  81  7:45  Overlord x5  
  81  7:52  Hydralisk Den  
  80  7:59  Overseer x2  
  80  8:01  Overlord x3  
  80  8:13  Metabolic Boost  
  80  8:16  Overlord x3  
  80  8:21  Hydralisk x2  
  80  8:22  Hydralisk  
  86  8:27  Centrifugal Hooks  
  86  8:29  Zergling x4, Lurker Den  
  86  8:33  Zergling x2  
  88  8:34  Zergling x16  
  88  8:39  Pneumatized Carapace  
  96  8:44  Evolution Chamber x2  
  94  8:54  Baneling  
  94  8:55  Baneling x15  
  94  8:59  Drone  
  94  9:00  Drone x2  
  94  9:01  Drone x4  
  94  9:02  Drone x3  
  104  9:08  Spore Crawler x2  
  102  9:12  Spore Crawler  
  102  9:13  Zerg Melee Weapons Level 1  
  102  9:14  Zerg Missile Weapons Level 1, Spore Crawler  
  100  9:22  Zergling x2  
  100  9:23  Zergling x18  
  110  9:26  Zerg Flyer Weapons Level 1  
  110  9:41  Hydralisk x4  
  118  10:13  Lurker  
  119  10:14  Lurker x6  
  125  10:21  Overlord  
  125  10:22  Overlord x4, Infestation Pit  
  124  10:29  Drone x7  
  102  11:09  Hydralisk x2  
  90  11:20  Hatchery  
  90  11:22  Hydralisk x3  
  90  11:23  Hydralisk x4  
  103  11:33  Hydralisk x2  
  103  11:35  Lurker x2  
  109  11:40  Hive  
  109  11:52  Lurker x4  
  109  11:53  Drone, Lurker x3  
  109  11:54  Drone x4  
  120  11:58  Overseer x3  
  120  12:00  Grooved Spines  
  121  12:01  Drone x3  
  121  12:03  Zerg Missile Weapons Level 2  
  124  12:21  Drone  
  124  12:22  Drone x6  
  131  12:46  Hatchery  
  131  12:49  Overlord  
  131  12:50  Muscular Augments  
  130  12:57  Corruptor x3  
  130  12:58  Corruptor x6  
  136  13:02  Extractor x2  
  143  13:15  Greater Spire  
  143  13:21  Hydralisk x4  
  143  13:22  Hydralisk x3  
  154  13:47  Extractor x2  
  152  14:09  Corruptor x2  
  152  14:10  Mutalisk, Corruptor x4  
  166  14:38  Overlord  
  166  14:42  Brood Lord x5  
  166  14:43  Brood Lord  
  178  14:52  Seismic Spines  
  178  14:56  Hatchery  
  178  14:58  Brood Lord x2, Extractor  
  178  14:59  Extractor  
  179  15:02  Drone  
  179  15:03  Drone x6  
  186  15:19  Hatchery  
  185  15:30  Brood Lord  
  185  15:31  Drone x3  
Tags
 
Add a new tag
Caveats
  • Supply blocks, unpowered buildings, or Contaminate may cause inaccurate times.
  • Supply counts are checked every 10 seconds.